[Event "Titled Tuesday Blitz August 08 Late 2023"]
[White "Clawitter, Craig"]
[Black "Ortmann, David"]
[WhiteFideId "2023105"]
[BlackFideId "4651588"]
[WhiteElo "2199"]
[BlackElo "2337"]
[Result "1-0"]
[Round "6"]
[TimeControl "180+1"]
[Date "2023.08.08"]
[WhiteClock "0:00:27"]
[BlackClock "0:00:00"]
[Board "145"]

1. e4 e6 2. d4 d5 3. e5 c5 4. c3 Nc6 5. Nf3 Bd7 6. Be2 Rc8 7. O-O Nge7 8. dxc5 Ng6 9. Re1 Bxc5 10. Bd3 O-O 11. b4 Bb6 12. Bg5 f6 13. exf6 gxf6 14. Bh6 Rf7 15. a4 Nce5 16. a5 Bxf2+ 17. Kxf2 Ng4+ 18. Kg1 Nxh6 19. Qd2 Kg7 20. Nd4 Nf8 21. Na3 e5 22. Ndb5 Qe7 23. Nxa7 Ra8 24. N7b5 e4 25. Bf1 Qe5 26. Qd4 Ng4 27. Qxe5 Nxe5 28. Nd6 Re7 29. Nxb7 Rb8 30. Nc5 Bc6 31. b5 Ba8 32. b6 f5 33. Rab1 f4 34. a6 f3 35. b7 Bxb7 36. axb7 Nfg6 37. c4 d4 38. Nxe4 fxg2 39. Bxg2 Nf4 40. Nd6 Nxg2 41. Kxg2 Re6 42. Rb6 Rg6+ 43. Kh1 Nf3 44. Re7+ Kf8 45. Rf7+ Kg8 46. Rb1 Nd2 47. Rg1 1-0


[Site "https://www.chess.com"]

[Event "Titled Tuesday Blitz August 08 Late 2023"]
[White "Petersson, Kjell"]
[Black "Garmendiarov"]
[WhiteFideId "1705148"]
[WhiteElo "2197"]
[BlackElo "2317"]
[Result "0-1"]
[Round "6"]
[TimeControl "180+1"]
[Date "2023.08.08"]
[WhiteClock "0:00:30"]
[BlackClock "0:00:12"]
[Board "146"]

1. d4 Nf6 2. Bf4 g6 3. Nc3 d5 4. e3 Bg7 5. Nb5 Na6 6. Nc3 c5 7. Bxa6 bxa6 8. dxc5 Qa5 9. Be5 O-O 10. Qd4 Bf5 11. O-O-O Rfd8 12. f3 Rac8 13. g4 Be6 14. h4 Rxc5 15. Kb1 Rc4 16. Qd3 Nd7 17. Bxg7 Nc5 18. Qd2 Kxg7 19. h5 Rb8 20. Ka1 Rcb4 21. Rb1 Na4 22. Nxa4 Qxa4 23. Qc3+ d4 24. h6+ Kg8 25. b3 dxc3 26. Ne2 Qxa2+ 27. Kxa2 Ra4# 0-1


[Site "https://www.chess.com"]

[Event "Titled Tuesday Blitz August 08 Late 2023"]
[White "Sala, Giulia"]
[Black "Fernandez Bustamante, Leancy B."]
[WhiteFideId "2840451"]
[BlackFideId "3523870"]
[WhiteElo "2312"]
[BlackElo "2193"]
[Result "0-1"]
[Round "6"]
[TimeControl "180+1"]
[Date "2023.08.08"]
[WhiteClock "0:00:10"]
[BlackClock "0:00:38"]
[Board "147"]

1. d4 c5 2. d5 d6 3. Nc3 e5 4. e4 Nf6 5. Nf3 g6 6. Be2 Bg7 7. Nd2 O-O 8. Nc4 Na6 9. a4 Ne8 10. O-O f5 11. exf5 gxf5 12. f4 e4 13. Be3 Nac7 14. Nb5 a6 15. Nbxd6 Nxd6 16. Bxc5 Nce8 17. Nb6 Rb8 18. Rb1 Rf6 19. c4 Rg6 20. b4 Qh4 21. Kh1 Rh6 22. h3 e3 23. Bxd6 Nxd6 24. c5 Ne4 25. d6 Qg3 26. Rf3 Nf2+ 27. Rxf2 Qxf2 28. d7 Bxd7 29. Nxd7 Rd8 30. Nf6+ Bxf6 31. Qxd8+ Bxd8 0-1


[Site "https://www.chess.com"]

[Event "Titled Tuesday Blitz August 08 Late 2023"]
[White "AndresDelgado77"]
[Black "Oliveira, Tiago Batista"]
[BlackFideId "2108291"]
[WhiteElo "2311"]
[BlackElo "2183"]
[Result "1-0"]
[Round "6"]
[TimeControl "180+1"]
[Date "2023.08.08"]
[WhiteClock "0:00:30"]
[BlackClock "0:00:04"]
[Board "148"]

1. e4 e5 2. Nc3 Nc6 3. f4 Bc5 4. Nf3 d6 5. Bb5 Bd7 6. Bxc6 Bxc6 7. fxe5 dxe5 8. Nxe5 Qd4 9. Nd3 O-O-O 10. Nxc5 Qxc5 11. Qg4+ Kb8 12. Qxg7 Ne7 13. d4 Qc4 14. Bg5 Nf5 15. exf5 Rhe8+ 16. Kf2 Rxd4 17. Rhe1 Rg4 18. Rxe8+ Bxe8 19. Qe5 Bc6 20. Qh8+ 1-0


[Site "https://www.chess.com"]

[Event "Titled Tuesday Blitz August 08 Late 2023"]
[White "rionelG"]
[Black "Osmonbekov, Talaibek"]
[BlackFideId "2017253"]
[WhiteElo "2299"]
[BlackElo "2173"]
[Result "1-0"]
[Round "6"]
[TimeControl "180+1"]
[Date "2023.08.08"]
[WhiteClock "0:00:09"]
[BlackClock "0:00:00"]
[Board "149"]

1. e4 c5 2. g3 d5 3. exd5 Qxd5 4. Nf3 Nf6 5. Bg2 Nc6 6. O-O e6 7. Re1 Qd8 8. Nc3 Be7 9. d3 O-O 10. Bf4 Nd5 11. Nxd5 exd5 12. Ne5 Nxe5 13. Bxe5 Be6 14. d4 c4 15. b3 Rc8 16. Rb1 b6 17. h4 Bd6 18. Qh5 Bxe5 19. Rxe5 g6 20. Qf3 cxb3 21. cxb3 Rc2 22. Rbe1 Qc7 23. Qf6 Rc6 24. Qf4 Rc2 25. h5 Rc8 26. h6 Qd8 27. Qe3 R8c3 28. Qf4 Rc6 29. R1e2 Rxe2 30. Rxe2 Qc7 31. Qf6 Rc1+ 32. Kh2 Kf8 33. Qg7+ Ke7 34. Qxh7 Kf6 35. Qg7+ Kg5 36. h7 Bg4 37. Qe5+ f5 38. h8=Q 1-0


[Site "https://www.chess.com"]

[Event "Titled Tuesday Blitz August 08 Late 2023"]
[White "Powell, Paul"]
[Black "Spichkin, Alexander"]
[WhiteFideId "2005840"]
[BlackFideId "4144074"]
[WhiteElo "2181"]
[BlackElo "2291"]
[Result "1-0"]
[Round "6"]
[TimeControl "180+1"]
[Date "2023.08.08"]
[WhiteClock "0:00:01"]
[BlackClock "0:00:15"]
[Board "150"]

1. d4 e6 2. Nf3 f5 3. Bf4 Nf6 4. e3 Be7 5. h3 O-O 6. c4 b6 7. Nc3 Bb7 8. Be2 d6 9. O-O Qe8 10. Rc1 Nbd7 11. b4 Bd8 12. Qb3 Kh8 13. a4 e5 14. Bh2 e4 15. Nd2 Qg6 16. Qd1 c5 17. Bxd6 cxb4 18. Nd5 Nxd5 19. cxd5 Re8 20. Bxb4 Bxd5 21. Bh5 Qe6 22. Bxe8 Qxe8 23. Nc4 a5 24. Ba3 Nf6 25. Ne5 Be7 26. Bxe7 Qxe7 27. Qc2 Qb4 28. Rb1 Qa3 29. Rxb6 h6 30. Rfb1 f4 31. Rb8+ Rxb8 32. Rxb8+ Kh7 33. Qc8 Ng8 34. Qf5+ g6 35. Qd7+ Ne7 36. Qd8 Qc1+ 37. Kh2 Kg7 38. Qf8+ Kh7 39. Qxe7+ Bf7 40. Qxf7# 1-0


[Site "https://www.chess.com"]

[Event "Titled Tuesday Blitz August 08 Late 2023"]
[White "Adel, Sara"]
[Black "Cooper, Aaron"]
[WhiteFideId "10616764"]
[BlackFideId "2634945"]
[WhiteElo "2153"]
[BlackElo "2291"]
[Result "0-1"]
[Round "6"]
[TimeControl "180+1"]
[Date "2023.08.08"]
[WhiteClock "0:01:33"]
[BlackClock "0:00:13"]
[Board "151"]

1. e4 c5 2. Nc3 Nc6 3. f4 e6 4. e5 d6 5. Nf3 dxe5 6. fxe5 Nge7 7. Bb5 Qc7 8. O-O Ng6 9. Qe1 Be7 10. Ng5 Bxg5 11. d4 Bxc1 12. d5 Qb6 13. Rxc1 exd5 14. Nxd5 Qd8 15. Rd1 Kf8 16. e6 f6 17. Bxc6 bxc6 18. e7+ Nxe7 19. Nxe7 Qxe7 20. Qa5 Be6 21. Rfe1 Kf7 22. Rd3 Rhe8 23. Rde3 Qd7 24. Qxc5 Bd5 25. c4 Rxe3 26. Rxe3 Be6 27. Qh5+ Kg8 28. Qe2 Re8 29. b4 Bf7 30. Rxe8+ Qxe8 31. Qf2 Qe7 32. a3 g6 33. h3 Kg7 34. b5 Bxc4 35. bxc6 Bd5 36. Qc2 Qc7 37. Qc5 Bxc6 38. Kf1 Bxg2+ 39. Kxg2 Qxc5 40. Kf3 Qxa3+ 41. Kg4 Qc5 42. h4 Qf5+ 43. Kg3 h5 44. Kg2 Qd3 45. Kh2 Kf7 46. Kg2 Ke6 47. Kh2 Kf5 48. Kg2 Kf4 49. Kh2 Qd2+ 50. Kh3 Qe3+ 51. Kh2 Kg4 52. Kg2 Qe2+ 53. Kh1 Kg3 54. Kg1 Qe1# 0-1


[Site "https://www.chess.com"]

[Event "Titled Tuesday Blitz August 08 Late 2023"]
[White "Rodriguez Santiago, Jaime"]
[Black "Novikova, Margarita"]
[WhiteFideId "3100898"]
[BlackFideId "14109689"]
[WhiteElo "2286"]
[BlackElo "2136"]
[Result "0-1"]
[Round "6"]
[TimeControl "180+1"]
[Date "2023.08.08"]
[WhiteClock "0:00:51"]
[BlackClock "0:00:37"]
[Board "152"]

1. c4 Nf6 2. Nc3 e6 3. e4 d5 4. e5 d4 5. exf6 dxc3 6. bxc3 Qxf6 7. d4 e5 8. Nf3 exd4 9. cxd4 Bb4+ 10. Bd2 Bxd2+ 11. Qxd2 O-O 12. Be2 Re8 13. O-O Nc6 14. h3 Bf5 15. Rfd1 Rad8 16. d5 Ne5 17. Nxe5 Qxe5 18. Bf1 Qd6 19. Qd4 b6 20. a4 a5 21. Rac1 Re4 22. Qb2 Qg6 23. Qb3 Rh4 24. Kh2 Qd6+ 25. Kg1 Re8 26. Rc3 Rhe4 27. Rf3 Bg6 28. Qc3 Bh5 29. g4 Bg6 30. Rd4 Re1 31. Re3 R8xe3 32. fxe3 Qg3+ 0-1


[Site "https://www.chess.com"]

[Event "Titled Tuesday Blitz August 08 Late 2023"]
[White "Fernandez Madrid, Carlos"]
[Black "Maluco_do_Natal_00"]
[WhiteFideId "2206030"]
[WhiteElo "2276"]
[BlackElo "2079"]
[Result "0-1"]
[Round "6"]
[TimeControl "180+1"]
[Date "2023.08.08"]
[WhiteClock "0:01:52"]
[BlackClock "0:00:29"]
[Board "153"]

1. c4 c5 2. g3 Nc6 3. Bg2 Nf6 4. Nc3 g6 5. d3 Bg7 6. e4 O-O 7. Nge2 d6 8. O-O a6 9. f4 Rb8 10. h3 h5 11. f5 b5 12. fxg6 fxg6 13. Nd5 Nxd5 14. cxd5 Nd4 15. Rxf8+ Qxf8 16. Nxd4 Bxd4+ 17. Kh2 Qf2 18. Qf1 Qxf1 19. Bxf1 Bd7 20. Rb1 Rf8 21. Bg5 Rf2+ 22. Bg2 Kf7 23. b4 Rxa2 24. bxc5 dxc5 25. Rf1+ Rf2 26. Re1 e5 27. dxe6+ Kxe6 28. h4 a5 29. Kh1 Kf7 30. e5 Be6 31. Bc6 a4 32. Bxb5 Bd5+ 33. Kg1 Rb2+ 34. Be3 Rxb5 35. Bxd4 cxd4 36. Rf1+ Ke6 37. Rf6+ Kxe5 38. Rxg6 Ra5 39. Rg5+ Kd6 40. Rxh5 a3 41. Rh6+ Kc5 42. Rf6 a2 43. Rf1 a1=Q 44. Rxa1 Rxa1+ 45. Kf2 Ra2+ 46. Kg1 Rd2 47. g4 Rxd3 48. Kf2 Kd6 49. g5 Ke6 50. h5 Kf5 51. g6 Kg5 52. Ke2 Re3+ 53. Kd2 Kxh5 54. g7 Kg6 0-1


[Site "https://www.chess.com"]

[Event "Titled Tuesday Blitz August 08 Late 2023"]
[White "Fajdetic, Hrvoje"]
[Black "dorpato"]
[WhiteFideId "14501945"]
[WhiteElo "2274"]
[BlackElo "2054"]
[Result "0-1"]
[Round "6"]
[TimeControl "180+1"]
[Date "2023.08.08"]
[WhiteClock "0:00:00"]
[BlackClock "0:00:07"]
[Board "154"]

1. f4 c5 2. e4 d6 3. Nf3 g6 4. d3 Bg7 5. Be2 Nc6 6. O-O Nf6 7. c3 b6 8. a4 Bb7 9. Qe1 O-O 10. Qh4 Na5 11. Nbd2 d5 12. e5 Ne8 13. d4 Nc7 14. b4 cxb4 15. cxb4 Nc6 16. b5 Na5 17. Ba3 a6 18. Bxe7 Qd7 19. Bxf8 Bxf8 20. f5 axb5 21. axb5 Nxb5 22. e6 fxe6 23. fxe6 Qe8 24. Ng5 h6 25. Rxf8+ Qxf8 26. Bxb5 Ba6 27. Nf7 Bxb5 28. Nxh6+ Kg7 29. e7 Qf6 30. Qxf6+ Kxf6 31. Re1 Kg5 32. Nf7+ Kf6 33. Nd6 Bd7 34. Nf3 Nc4 35. g4 Nxd6 36. g5+ Kf7 37. Ne5+ Ke8 38. Nxg6 Bf5 39. Nh4 Be4 40. g6 Kxe7 41. g7 Kf7 42. Rf1+ Kxg7 43. Nf3 Bxf3 44. Rxf3 Ra4 45. Rb3 Nc4 46. Rd3 Ra1+ 47. Kf2 Kf6 48. Kg3 Kg5 49. h4+ Kh5 50. Rf3 Rg1+ 51. Kh2 Rg4 52. Rf5+ Kxh4 53. Rxd5 Re4 54. Rd8 Re2+ 55. Kh1 Kg3 56. Rg8+ Kh3 57. Rh8+ Kg3 58. Rg8+ Kf3 59. d5 Rd2 60. Rf8+ Ke4 61. Rc8 Kxd5 62. Rd8+ Kc5 63. Rb8 b5 64. Kg1 Kb4 65. Kf1 Kc3 66. Ke1 Rd3 67. Rc8 Rd4 68. Ke2 b4 69. Rb8 Rd2+ 70. Ke1 Rb2 71. Kd1 b3 72. Kc1 Rc2+ 73. Kd1 Nb2+ 74. Ke1 Nd3+ 75. Kd1 Rc1+ 76. Ke2 Re1+ 77. Kf3 Re5 0-1


[Site "https://www.chess.com"]

[Event "Titled Tuesday Blitz August 08 Late 2023"]
[White "Cagara, Paulina"]
[Black "Gyulamiryan-koryun"]
[WhiteFideId "1124870"]
[WhiteElo "2263"]
[BlackElo "2053"]
[Result "1-0"]
[Round "6"]
[TimeControl "180+1"]
[Date "2023.08.08"]
[WhiteClock "0:00:47"]
[BlackClock "0:00:00"]
[Board "155"]

1. e4 e5 2. Nf3 Nc6 3. c3 Nf6 4. d4 exd4 5. e5 Nd5 6. cxd4 Bb4+ 7. Bd2 O-O 8. Bb5 a6 9. Ba4 b5 10. Bb3 Bxd2+ 11. Nbxd2 Nb6 12. O-O Bb7 13. Ne4 Na5 14. Nc5 Nxb3 15. Qxb3 Bd5 16. Qe3 d6 17. Nb3 Nc4 18. Qf4 Nxb2 19. Nbd2 Nd3 20. Qf5 Nb4 21. a3 Nc6 22. Rfe1 g6 23. Qh3 Be6 24. Qg3 Ne7 25. Qf4 Nf5 26. Rad1 Bd5 27. Ng5 Ng7 28. Nde4 Bxe4 29. Nxe4 Ne6 30. Nf6+ Kg7 31. Qh4 h5 32. Qg3 d5 33. Nxh5+ Kh6 34. Nf6 Kg7 35. Rc1 Rh8 36. Qe3 Rh4 37. g3 Rxd4 38. Rc6 Rc4 39. Rc1 d4 40. Qf3 1-0


[Site "https://www.chess.com"]

[Event "Titled Tuesday Blitz August 08 Late 2023"]
[White "Upper, John"]
[Black "Hng, Mei-En Emmanuelle"]
[WhiteFideId "2606437"]
[BlackFideId "5804566"]
[WhiteElo "1953"]
[BlackElo "2256"]
[Result "0-1"]
[Round "6"]
[TimeControl "180+1"]
[Date "2023.08.08"]
[WhiteClock "0:00:00"]
[BlackClock "0:01:01"]
[Board "156"]

1. b3 e5 2. Bb2 Nc6 3. e3 d5 4. g3 Nf6 5. Bg2 h5 6. h3 Bf5 7. d3 Bb4+ 8. Nd2 Qd7 9. a3 Bd6 10. c4 d4 11. e4 Be6 12. b4 a5 13. b5 Nd8 14. Ne2 a4 15. f4 Qe7 16. Nf3 exf4 17. gxf4 Bc5 18. Nexd4 Bxd4 19. Nxd4 c5 20. bxc6 Nxc6 21. Nxc6 bxc6 22. e5 Bf5 23. Bxc6+ Kf8 24. Bxa8 Nd7 25. d4 Qh4+ 26. Kd2 Qxf4+ 27. Kc3 Qe3+ 28. Kb4 Ke7 29. Bd5 Rb8+ 30. Kxa4 Rxb2 31. Rb1 Bxb1 0-1


[Site "https://www.chess.com"]

[Event "Titled Tuesday Blitz August 08 Late 2023"]
[White "Vargas, Mauricio"]
[Black "Steindl, Johannes"]
[WhiteFideId "4404572"]
[BlackFideId "1643266"]
[WhiteElo "1886"]
[BlackElo "2253"]
[Result "0-1"]
[Round "6"]
[TimeControl "180+1"]
[Date "2023.08.08"]
[WhiteClock "0:00:00"]
[BlackClock "0:00:42"]
[Board "157"]

1. e4 e5 2. Nf3 Nf6 3. d4 Nxe4 4. dxe5 Bc5 5. Be3 Bxe3 6. fxe3 d5 7. exd6 Qxd6 8. Bd3 Qe7 9. O-O O-O 10. Qe1 Nc6 11. Nbd2 Nxd2 12. Nxd2 Be6 13. Qg3 Rad8 14. a3 h6 15. Ne4 Kh8 16. Rf3 Bd5 17. Rf4 g5 18. Rg4 f5 19. Nxg5 fxg4 20. Qh4 Qxg5 21. Qg3 Rde8 0-1


[Site "https://www.chess.com"]

[Event "Titled Tuesday Blitz August 08 Late 2023"]
[White "elcala"]
[Black "Ward, Ieuan C"]
[BlackFideId "406627"]
[WhiteElo "1735"]
[BlackElo "2250"]
[Result "0-1"]
[Round "6"]
[TimeControl "180+1"]
[Date "2023.08.08"]
[WhiteClock "0:00:00"]
[BlackClock "0:00:26"]
[Board "158"]

1. d4 e5 2. dxe5 d6 3. Nf3 Nc6 4. exd6 Bxd6 5. Nc3 Qe7 6. e3 Bg4 7. Be2 h5 8. h3 Bf5 9. Nd4 Bd7 10. Nxc6 Bxc6 11. Bf3 Bxf3 12. Qxf3 O-O-O 13. Bd2 a6 14. O-O-O Nf6 15. Ne2 Qe6 16. Kb1 Be5 17. Bc3 Bxc3 18. Nxc3 Qc4 19. a3 Kb8 20. Qe2 Qc6 21. Qf3 Qc4 22. Qe2 Qe6 23. Rxd8+ Rxd8 24. Rd1 Re8 25. Qf3 Qc4 26. Nd5 Nxd5 27. Qxd5 Qe2 28. Qd2 Qb5 29. Qd3 Qg5 30. g3 Qf6 31. Qe2 Re6 32. Qxh5 Rb6 33. b3 g6 34. Qd5 Rd6 35. Qh1 Rc6 36. Rd2 Qe7 37. Qd1 Qxa3 38. Rd8+ Ka7 39. Qd4+ b6 40. Qd5 Qc5 41. Qxc5 Rxc5 42. Rd7 f6 43. Rh7 Kb7 44. Rh6 Rf5 45. f4 g5 46. fxg5 fxg5 0-1


[Site "https://www.chess.com"]

[Event "Titled Tuesday Blitz August 08 Late 2023"]
[White "Burke, Paul"]
[Black "Tqebuchava, Zurab"]
[WhiteFideId "2605767"]
[BlackFideId "13601113"]
[WhiteElo "1865"]
[BlackElo "2255"]
[Result "0-1"]
[Round "6"]
[TimeControl "180+1"]
[Date "2023.08.08"]
[WhiteClock "0:00:25"]
[BlackClock "0:00:27"]
[Board "159"]

1. e4 d6 2. Nc3 g6 3. g3 Bg7 4. Bg2 c5 5. Nge2 Nc6 6. O-O Nf6 7. d3 O-O 8. h3 Nd4 9. f4 Nd7 10. g4 Rb8 11. Ng3 b5 12. Nce2 c4 13. c3 Nxe2+ 14. Qxe2 cxd3 15. Qxd3 b4 16. Kh2 bxc3 17. bxc3 Qa5 18. Bd2 Ba6 19. c4 Bxc4 20. Qxc4 Qxd2 21. Rad1 Qc3 22. Qa6 Rb2 23. Qxa7 Qc2 24. Rg1 Nc5 25. e5 dxe5 26. Qxe7 exf4 27. Ne4 Nxe4 0-1


[Site "https://www.chess.com"]

[Event "Titled Tuesday Blitz August 08 Late 2023"]
[White "alfianasybullina"]
[Black "Liu, Casper"]
[BlackFideId "1454153"]
[WhiteElo "2238"]
[BlackElo "2450"]
[Result "0-1"]
[Round "6"]
[TimeControl "180+1"]
[Date "2023.08.08"]
[WhiteClock "0:02:03"]
[BlackClock "0:01:43"]
[Board "160"]

1. Nf3 Nf6 2. g3 g6 3. Bg2 Bg7 4. O-O O-O 5. d4 d5 6. Bf4 c5 7. c3 Nc6 8. e3 Bf5 9. h3 Re8 10. g4 Bc8 11. Nbd2 b6 12. Rc1 Ba6 13. Re1 Rc8 14. Ne5 Nxe5 15. Bxe5 e6 16. g5 Nd7 17. Bxg7 Kxg7 18. Qg4 Bd3 19. Qh4 Qe7 20. e4 cxd4 21. exd5 dxc3 22. Rc2 Bxc2 0-1


[Site "https://www.chess.com"]

[Event "Titled Tuesday Blitz August 08 Late 2023"]
[White "Osiecki, Stanislaw"]
[Black "Mesa Cruz, Juan Carlos"]
[WhiteFideId "1102990"]
[BlackFideId "6423400"]
[WhiteElo "2005"]
[BlackElo "2401"]
[Result "0-1"]
[Round "6"]
[TimeControl "180+1"]
[Date "2023.08.08"]
[WhiteClock "0:00:00"]
[BlackClock "0:00:39"]
[Board "161"]

1. e4 c5 2. c3 d5 3. e5 d4 4. Bc4 Nc6 5. Nf3 e6 6. O-O Nge7 7. a4 Ng6 8. Re1 Be7 9. d3 O-O 10. Qe2 dxc3 11. bxc3 b6 12. Qe4 Bb7 13. Qg4 Na5 14. Nbd2 Nxc4 15. dxc4 Qd3 16. Re3 Qc2 17. h4 Qf5 18. Qg3 h5 19. Nf1 Rad8 20. Bb2 Nf4 21. a5 Rd3 22. Kh2 Rfd8 23. axb6 axb6 24. Ra7 R8d7 25. Rxd3 Nxd3 26. Ne3 Qf4 27. Ba3 Bc6 28. Rxd7 Bxd7 29. Qxf4 Nxf4 30. Ne1 Ne2 31. Bb2 Bxh4 32. g3 Bg5 33. f4 Nxf4 34. Nf3 Nd3 35. Nxg5 Nxb2 36. Ne4 Na4 37. Nd1 Bc6 38. Nd6 Bf3 39. Ne3 Nxc3 40. Nc8 Na4 41. Kg1 Bb7 42. Nd6 Ba6 43. Kf2 Kf8 44. g4 hxg4 45. Nxg4 Ke7 46. Ne3 f5 47. Kf3 g5 48. Nf1 Nb2 49. Ne3 Nd3 50. Ke2 Nxe5 51. Ndxf5+ exf5 52. Nxf5+ Kf6 53. Nd6 Bxc4+ 54. Ke3 Be6 55. Ne4+ Kg6 56. Nc3 Ng4+ 57. Ke4 Nf6+ 58. Ke5 Bf5 59. Na4 Ng4+ 60. Kd6 b5 61. Nb6 b4 62. Nc4 b3 63. Nb2 Ne3 64. Kxc5 g4 65. Kd4 Nc2+ 66. Ke5 g3 0-1


[Site "https://www.chess.com"]

[Event "Titled Tuesday Blitz August 08 Late 2023"]
[White "Suarez Pousa, Diego"]
[Black "Semenova, Alina"]
[WhiteFideId "2204509"]
[BlackFideId "24113875"]
[WhiteElo "2365"]
[BlackElo "2095"]
[Result "1-0"]
[Round "6"]
[TimeControl "180+1"]
[Date "2023.08.08"]
[WhiteClock "0:00:09"]
[BlackClock "0:00:00"]
[Board "162"]

1. e4 e5 2. Nf3 Nf6 3. Nxe5 d6 4. Nf3 Nxe4 5. d4 d5 6. Bd3 Bd6 7. O-O O-O 8. c4 c6 9. Nc3 Nxc3 10. bxc3 Bg4 11. cxd5 cxd5 12. Rb1 b6 13. Rb5 Qc7 14. h3 Be6 15. Bd2 a6 16. Rb1 Nd7 17. Re1 Rfe8 18. Ng5 Bf4 19. Nxe6 Rxe6 20. Bxf4 Qxf4 21. Qh5 Nf6 22. Qf5 Rxe1+ 23. Rxe1 Qxf5 24. Bxf5 Re8 25. Rxe8+ Nxe8 26. Bc8 Nc7 27. f4 g6 28. Kf2 Kg7 29. Ke3 f5 30. Bb7 Kf6 31. Kf3 Ke6 32. g4 a5 33. Kg3 Kf6 34. Kh4 Kg7 35. Kg5 fxg4 36. hxg4 Nb5 37. Bxd5 Nxc3 38. Bc4 b5 39. Be6 a4 40. a3 Nb1 41. d5 Nxa3 42. d6 1-0


[Site "https://www.chess.com"]

[Event "Titled Tuesday Blitz August 08 Late 2023"]
[White "Nikulina, Alena"]
[Black "Cmorales2001"]
[WhiteFideId "4172051"]
[WhiteElo "2062"]
[BlackElo "2342"]
[Result "0-1"]
[Round "6"]
[TimeControl "180+1"]
[Date "2023.08.08"]
[WhiteClock "0:00:03"]
[BlackClock "0:00:16"]
[Board "163"]

1. e4 c6 2. Nc3 d5 3. Qe2 dxe4 4. Nxe4 Bf5 5. g3 e6 6. Bg2 Nd7 7. f4 Ngf6 8. d3 Qb6 9. Nf3 h5 10. Qe3 Qxe3+ 11. Bxe3 Nxe4 12. dxe4 Bxe4 13. O-O-O Nf6 14. Nh4 Bxg2 15. Nxg2 Be7 16. Rhe1 Nd5 17. Bd4 O-O 18. c4 Nb6 19. Bxb6 axb6 20. Rd7 Bb4 21. Red1 Rxa2 22. Rxb7 Ra1+ 23. Kc2 Rxd1 24. Kxd1 Rd8+ 25. Kc1 Bc5 26. b4 Bxb4 27. Rxb6 c5 28. Nh4 Rd4 29. f5 exf5 30. Nxf5 Rxc4+ 31. Kb2 g6 32. Rb8+ Kh7 33. Nd6 Rd4 34. Nxf7 Rd2+ 35. Kb3 Rxh2 36. Rb7 Rg2 37. Kc4 Rxg3 38. Kd5 h4 39. Ke4 h3 40. Kf4 Rb3 41. Ng5+ Kg8 42. Rb8+ Kg7 43. Rb7+ Kf8 44. Rb8+ Ke7 45. Rb7+ Kd6 46. Rh7 Bd2+ 47. Kg4 Bxg5 48. Kxg5 c4 49. Kxg6 Rg3+ 50. Kf5 c3 51. Ke4 c2 52. Rh6+ Kd7 0-1


[Site "https://www.chess.com"]

[Event "Titled Tuesday Blitz August 08 Late 2023"]
[White "Bogumil, Tatiana"]
[Black "Thiel, Thomas"]
[WhiteFideId "4110579"]
[BlackFideId "4615964"]
[WhiteElo "2013"]
[BlackElo "2192"]
[Result "1-0"]
[Round "6"]
[TimeControl "180+1"]
[Date "2023.08.08"]
[WhiteClock "0:00:38"]
[BlackClock "0:00:38"]
[Board "164"]

1. Nf3 Nf6 2. c4 g6 3. b3 Bg7 4. Bb2 O-O 5. g3 d6 6. d4 Nbd7 7. d5 c6 8. dxc6 bxc6 9. Bg2 Qc7 10. O-O e5 11. Nc3 Nc5 12. h3 a5 13. Rb1 Re8 14. Re1 e4 15. Nd4 e3 16. f4 Nfe4 17. Nxe4 Nxe4 18. Kh2 Bd7 19. Bxe4 Rxe4 20. Nf3 Bxb2 21. Rxb2 a4 22. Rc2 axb3 23. axb3 Rae8 24. Rc3 Bf5 25. Rd3 R4e6 26. Rc3 Qb6 27. Nd4 Rf6 28. Nxf5 gxf5 29. Rd3 Qc5 30. Qc2 Re4 31. Qc3 Rg6 32. Red1 Ree6 33. b4 Qb6 34. c5 dxc5 35. Rd8+ 1-0


[Site "https://www.chess.com"]

[Event "Titled Tuesday Blitz August 08 Late 2023"]
[White "Terry, Renato"]
[Black "Iturrizaga Bonelli, Eduardo"]
[WhiteFideId "3803457"]
[BlackFideId "3901211"]
[WhiteElo "2929"]
[BlackElo "2973"]
[Result "0-1"]
[Round "7"]
[TimeControl "180+1"]
[Date "2023.08.08"]
[WhiteClock "0:00:00"]
[BlackClock "0:00:07"]
[Board "1"]

1. d4 Nf6 2. Nf3 g6 3. Bg5 Ne4 4. Bh4 Bg7 5. c3 O-O 6. Nbd2 d5 7. e3 Nd7 8. Bd3 Nxd2 9. Qxd2 c5 10. O-O b6 11. a4 Bb7 12. a5 Re8 13. Bb5 Qc8 14. Rfd1 e6 15. h3 Bc6 16. Be2 b5 17. b4 c4 18. Bg3 Nf6 19. Qc2 Ne4 20. Be5 f6 21. Bh2 Qd7 22. Nd2 Ng5 23. Nf3 Nf7 24. Nd2 Ng5 25. Nf3 Nf7 26. Nd2 a6 27. e4 Qb7 28. exd5 Bxd5 29. Bf3 Ng5 30. Bxd5 exd5 31. Re1 Qd7 32. Bf4 Ne6 33. Bg3 Bh6 34. Nf3 Ng7 35. Nh2 Nf5 36. Ng4 Bg7 37. Bf4 h5 38. Ne3 Re4 39. Nxf5 Qxf5 40. Rxe4 dxe4 41. Bg3 Re8 42. Re1 Kf7 43. f3 Qg5 44. Kh2 h4 45. Bc7 e3 46. Kg1 Bh6 47. Re2 Qd5 48. Kf1 Bg5 49. Bh2 Bh6 50. Qb1 Qf5 51. Qxf5 gxf5 52. Ke1 f4 53. Kd1 Ke6 54. Kc2 Kd5 55. Kb2 Ke6 56. Kc2 Kf5 57. Kb2 Rd8 58. Kc2 Bf8 59. Kb2 Bd6 60. Kc2 Be7 61. Bg1 Bf8 62. Kb2 Bxb4 63. cxb4 Rxd4 64. Kc1 Rd3 65. Rb2 Rc3+ 66. Rc2 Ra3 67. Rb2 Ke5 68. Kc2 Kd4 69. Bh2 Ke5 70. Kd1 Ra1+ 71. Ke2 Rh1 72. Bxf4+ Kxf4 73. Rc2 Rg1 74. Rc3 Rxg2+ 75. Ke1 Kxf3 0-1


[Site "https://www.chess.com"]

[Event "Titled Tuesday Blitz August 08 Late 2023"]
[White "Fedoseev, Vladimir"]
[Black "Kamsky, Gata"]
[WhiteFideId "24130737"]
[BlackFideId "2000024"]
[WhiteElo "3102"]
[BlackElo "2954"]
[Result "1/2-1/2"]
[Round "7"]
[TimeControl "180+1"]
[Date "2023.08.08"]
[WhiteClock "0:00:11"]
[BlackClock "0:00:14"]
[Board "2"]

1. Nf3 d5 2. g3 Nf6 3. Bg2 c6 4. O-O Bf5 5. d3 h6 6. c4 dxc4 7. dxc4 Qxd1 8. Rxd1 Nbd7 9. Nc3 Bc2 10. Rd2 Bh7 11. b3 e6 12. Bb2 Be7 13. Rad1 O-O-O 14. Nd4 Kc7 15. e4 Bb4 16. f3 e5 17. Nc2 Bc5+ 18. Kf1 Nb6 19. Na4 Rxd2 20. Rxd2 Nxa4 21. Bxe5+ Kb6 22. bxa4 Ka5 23. Bxf6 gxf6 24. Rd7 Rb8 25. Ke2 Kxa4 26. Kd3 f5 27. e5 f4+ 28. Kc3 b5 29. cxb5 cxb5 30. Rxf7 b4+ 31. Kb2 Bxc2 32. Kxc2 Be3 33. Bh3 Ka3 34. Rf6 a5 35. Ra6 Rb5 36. e6 Rd5 37. e7 Rd2+ 38. Kc1 Rd3+ 39. Kc2 Rd2+ 40. Kc1 Rd3+ 41. Kc2 Rd2+ 1/2-1/2


[Site "https://www.chess.com"]